EL
MONTGOMERY BISCUITS @ AKRON RUBBERDUCKS
09/24/2045
 
TOP OF THE 1ST
Montgomery Biscuits batting - Pitching for Akron RubberDucks : RHP Fomio Tashima
Pitching: RHP Fomio Tashima
Batting: RHB Dermott Kennelly 0-0: Called Strike
0-1: Foul Ball, location: 2F
0-2: Foul Ball, location: 2F
0-2: Foul Ball, location: 2F
0-2: Strikes out looking
Batting: LHB Jake Rheaume 0-0: Foul Ball, location: 2F
0-1: DOUBLE (Line Drive, 9LS, EV 108.8 MPH)
Batting: SHB Brett McEwen 0-0: Ball
1-0: Ball
2-0: Called Strike
2-1: Foul Ball, location: 2F
2-2: Ball
3-2: Fly out, F8 (Flyball, 8RS, EV 93.1 MPH)
Batting: LHB Mario Ocana 0-0: Ball
1-0: Swinging Strike
1-1: Foul Ball, location: 2F
1-2: Fly out, F9 (Flyball, 9LD, EV 90.0 MPH)
Top of the 1st over - 0 runs, 1 hit, 0 errors, 1 left on base; Montgomery 0 - Akron 0
BOTTOM OF THE 1ST
Akron RubberDucks batting - Pitching for Montgomery Biscuits : RHP Kyle Thomas
Pitching: RHP Kyle Thomas
Batting: LHB Corey Trevor 0-0: DOUBLE (Groundball, 5L, EV 103.1 MPH)
Batting: LHB Tim Fuller 0-0: Foul Ball, location: 2F
0-1: Swinging Strike
0-2: Ball
1-2: Ball
2-2: Strikes out swinging
Batting: RHB Harris Leroux 0-0: Ball
1-0: Called Strike
1-1: SINGLE (Line Drive, 3D, EV 105.0 MPH)
Corey Trevor to third
Runner from 3rd tries for Home, SAFE, throw by RF to home
Batting: RHB Adrian Martinelli 0-0: Ball
1-0: Ball
2-0: SINGLE (Groundball, 56D, EV 100.6 MPH)
Harris Leroux to second
Batting: LHB Devon Grant 0-0: Called Strike
0-1: Fly out, F9 (Flyball, 9LM, EV 84.4 MPH)
Runner from 2nd tags up, SAFE at 3rd, no throw by RF
Batting: RHB Willie Gonzales 0-0: Called Strike
0-1: Called Strike
0-2: Ball
1-2: Foul Ball, location: 2F
1-2: Strikes out swinging
Bottom of the 1st over - 1 run, 3 hits, 0 errors, 2 left on base; Montgomery 0 - Akron 1
TOP OF THE 2ND
Montgomery Biscuits batting - Pitching for Akron RubberDucks : RHP Fomio Tashima
Batting: RHB Paul Landes 0-0: Ball
1-0: Called Strike
1-1: Ball
2-1: Called Strike
2-2: Ball
3-2: Fly out, F3 (Popup, 3SF, EV 77.5 MPH)
Batting: LHB Jimmy Detrie 0-0: SINGLE (Flyball, 5D, EV 94.4 MPH)
Batting: RHB Dan Marks 0-0: Called Strike
0-1: Foul Ball, location: 2F
0-2: Foul Ball, location: 2F
0-2: Ball
1-2: SINGLE (Groundball, 6MD, EV 94.4 MPH)
Jimmy Detrie to second
Batting: RHB Devin Brown 0-0: Foul Ball, location: 2F
0-1: Grounds into double play, 6-4-3 (Groundball, 6, EV 86.9 MPH)
Top of the 2nd over - 0 runs, 2 hits, 0 errors, 1 left on base; Montgomery 0 - Akron 1
BOTTOM OF THE 2ND
Akron RubberDucks batting - Pitching for Montgomery Biscuits : RHP Kyle Thomas
Batting: LHB John Dietrich 0-0: Ball
1-0: Ball
2-0: Reached on error, E2 (Groundball, 15S, EV 70.6 MPH)
Batting: RHB Reynaldo Herrera 0-0: Foul Ball, location: 2F
0-1: Foul Ball, location: 2F
0-2: Ball
1-2: Fly out, F7 (Flyball, 7D, EV 91.9 MPH)
Batting: RHB Gashie Chimsima 0-0: Ball
1-0: Ball
2-0: Ball
3-0: Swinging Strike
3-1: Called Strike
3-2: Strikes out swinging
Batting: LHB Corey Trevor 0-0: Fielders Choice at 2nd, 6-4 (Groundball, 6, EV 86.9 MPH)
Bottom of the 2nd over - 0 runs, 0 hits, 1 error, 1 left on base; Montgomery 0 - Akron 1
TOP OF THE 3RD
Montgomery Biscuits batting - Pitching for Akron RubberDucks : RHP Fomio Tashima
Batting: RHB Jose Herrera 0-0: Called Strike
0-1: Ball
1-1: Ball
2-1: Called Strike
2-2: Foul Ball, location: 2F
2-2: Ground out 6-3 (Groundball, 6MS, EV 83.8 MPH)
Batting: RHB Dermott Kennelly 0-0: Ball
1-0: Fly out, F7 (Flyball, 7LD, EV 89.4 MPH)
Batting: LHB Jake Rheaume 0-0: Ball
1-0: Ball
2-0: Ground out 6-3 (Groundball, 4M, EV 105.0 MPH)
Top of the 3rd over - 0 runs, 0 hits, 0 errors, 0 left on base; Montgomery 0 - Akron 1
BOTTOM OF THE 3RD
Akron RubberDucks batting - Pitching for Montgomery Biscuits : RHP Kyle Thomas
Batting: LHB Tim Fuller 0-0: Called Strike
0-1: Ball
1-1: Ball
2-1: Foul Ball, location: 2F
2-2: Strikes out swinging
Batting: RHB Harris Leroux 0-0: Called Strike
0-1: Foul Ball, location: 2F
0-2: SINGLE (Groundball, 6MD, EV 104.4 MPH)
Batting: RHB Adrian Martinelli 0-0: Ball
1-0: Called Strike
1-1: SINGLE (Line Drive, 9LM, EV 106.9 MPH)
Harris Leroux to second
Batting: LHB Devon Grant 0-0: Ball
1-0: Foul Ball, location: 2F
1-1: Foul Ball, location: 2F
1-2: Ball
2-2: Ball
3-2: Fly out, F9 (Line Drive, 9D, EV 93.1 MPH)
Runner from 2nd tags up, SAFE at 3rd, no throw by RF
Batting: RHB Willie Gonzales 0-0: Swinging Strike
0-1: Ball
1-1: Ball
2-1: Swinging Strike
2-2: Ball
3-2: Ground out 6-3 (Groundball, 6, EV 102.5 MPH)
Bottom of the 3rd over - 0 runs, 2 hits, 0 errors, 2 left on base; Montgomery 0 - Akron 1
TOP OF THE 4TH
Montgomery Biscuits batting - Pitching for Akron RubberDucks : RHP Fomio Tashima
Batting: SHB Brett McEwen 0-0: Called Strike
0-1: Foul Ball, location: 2F
0-2: Ball
1-2: Strikes out swinging
Batting: LHB Mario Ocana 0-0: Called Strike
0-1: Fly out, F6 (Popup, 6, EV 66.2 MPH)
Batting: RHB Paul Landes 0-0: Called Strike
0-1: Ball
1-1: Ball
2-1: Ball
3-1: Base on Balls
Batting: LHB Jimmy Detrie 0-0: Ball
1-0: Called Strike
1-1: Foul Ball, location: 2F
1-2: Foul Ball, location: 2F
1-2: Foul Ball, location: 2F
1-2: Strikes out swinging
Top of the 4th over - 0 runs, 0 hits, 0 errors, 1 left on base; Montgomery 0 - Akron 1
BOTTOM OF THE 4TH
Akron RubberDucks batting - Pitching for Montgomery Biscuits : RHP Kyle Thomas
Batting: LHB John Dietrich 0-0: Ground out 5-3 (Groundball, 56, EV 93.8 MPH)
Batting: RHB Reynaldo Herrera 0-0: Bunt missed!
0-1: Foul Ball, location: 2F
0-2: Ball
1-2: Fly out, F7 (Flyball, 7, EV 79.4 MPH)
Batting: RHB Gashie Chimsima 0-0: Ball
1-0: SINGLE (Groundball, 4MD, EV 108.8 MPH)
Batting: LHB Corey Trevor 0-0: Ball
1-0: Foul Ball, location: 2F
1-1: Ball
2-1: Called Strike
2-2: SINGLE (Groundball, 34D, EV 103.8 MPH) (infield hit)
Gashie Chimsima to second
Batting: LHB Tim Fuller 0-0: Ball
1-0: Ball
2-0: Ground out 4-3 (Groundball, 4, EV 88.8 MPH)
Bottom of the 4th over - 0 runs, 2 hits, 0 errors, 2 left on base; Montgomery 0 - Akron 1
TOP OF THE 5TH
Montgomery Biscuits batting - Pitching for Akron RubberDucks : RHP Fomio Tashima
Batting: RHB Dan Marks 0-0: Called Strike
0-1: Ball
1-1: Ball
2-1: Ball
3-1: Base on Balls
Batting: RHB Devin Brown 0-0: TRIPLE (Flyball, 89XD, EV 110.0 MPH)
Dan Marks scores
Batting: RHB Jose Herrera 0-0: Ball
1-0: Called Strike
1-1: SINGLE (Groundball, 6MS, EV 68.1 MPH) (infield hit)
Devin Brown scores
Batting: RHB Dermott Kennelly 0-0: Ball
1-0: Foul Ball, location: 2F
1-1: Ball
2-1: Foul Ball, location: 2F
2-2: DOUBLE (Flyball, 8LXD, EV 112.5 MPH)
Jose Herrera to third
Batting: LHB Jake Rheaume 0-0: Called Strike
0-1: Ball
1-1: SINGLE (Flyball, 78S, EV 94.4 MPH)
Jose Herrera scores
Dermott Kennelly to third
Runner from 3rd tries for Home, SAFE, throw by LF to home
Batting: SHB Brett McEwen 0-0: Called Strike
Jake Rheaume steals 2nd base
0-1: Ball
1-1: Ball
2-1: Foul Ball, location: 2F
2-2: Foul Ball, location: 2F
2-2: Ball
3-2: DOUBLE (Line Drive, 89XD, EV 98.8 MPH)
Jake Rheaume scores
Pitching: RHP Rainer Von Croy
Batting: LHB Mario Ocana 0-0: Called Strike
0-1: Foul Ball, location: 2F
0-2: Ball
1-2: Ball
2-2: Ball
3-2: DOUBLE (Groundball, 3L, EV 109.4 MPH)
Brett McEwen scores
Batting: RHB Paul Landes 0-0: Ball
1-0: Foul Ball, location: 2F
1-1: SINGLE (Groundball, 34D, EV 97.5 MPH)
Mario Ocana to third
Runner from 3rd tries for Home, SAFE, throw by RF to home
Batting: LHB Jimmy Detrie 0-0: Foul Ball, location: 2F
0-1: Called Strike
0-2: Ball
1-2: Strikes out swinging
Batting: RHB Dan Marks 0-0: Ball
Wild Pitch!
Paul Landes to second
1-0: Ground out 5-3 (Groundball, 25, EV 82.5 MPH)
Batting: RHB Devin Brown 0-0: Reached on error, E6 (Groundball, 6, EV 105.6 MPH)
Paul Landes to third
Batting: RHB Jose Herrera 0-0: Ball
1-0: Ball
2-0: Swinging Strike
2-1: Ball
3-1: SINGLE (Groundball, 4D, EV 108.1 MPH)
Paul Landes scores
Devin Brown to second
Runner from 2nd tries for 3rd, SAFE, no throw by CF
Batting: RHB Dermott Kennelly 0-0: Ball
1-0: Fly out, F8 (Line Drive, 8LD, EV 100.0 MPH)
Top of the 5th over - 8 runs, 8 hits, 1 error, 2 left on base; Montgomery 8 - Akron 1
BOTTOM OF THE 5TH
Akron RubberDucks batting - Pitching for Montgomery Biscuits : RHP Kyle Thomas
Batting: RHB Harris Leroux 0-0: SINGLE (Groundball, 56D, EV 106.9 MPH)
Batting: RHB Adrian Martinelli 0-0: Ball
1-0: Called Strike
1-1: Ball
2-1: Ball
3-1: Swinging Strike
3-2: Strikes out looking
Batting: LHB Devon Grant 0-0: Foul Ball, location: 2F
0-1: Grounds into double play, 4-6-3 (Groundball, 4, EV 82.5 MPH)
Bottom of the 5th over - 0 runs, 1 hit, 0 errors, 0 left on base; Montgomery 8 - Akron 1
TOP OF THE 6TH
Montgomery Biscuits batting - Pitching for Akron RubberDucks : RHP Rainer Von Croy
Batting: LHB Jake Rheaume 0-0: Foul Ball, location: 2F
0-1: Ball
1-1: Fly out, F4 (Flyball, 4D, EV 94.4 MPH)
Batting: SHB Brett McEwen 0-0: Ball
1-0: Foul Ball, location: 2F
1-1: Ball
2-1: Ground out U3 (Groundball, 34S, EV 79.4 MPH)
Batting: LHB Mario Ocana 0-0: Called Strike
0-1: Ball
1-1: Called Strike
1-2: Foul Ball, location: 2F
1-2: Fly out, F7 (Flyball, 7LS, EV 88.8 MPH)
Top of the 6th over - 0 runs, 0 hits, 0 errors, 0 left on base; Montgomery 8 - Akron 1
BOTTOM OF THE 6TH
Akron RubberDucks batting - Pitching for Montgomery Biscuits : RHP Kyle Thomas
Batting: RHB Willie Gonzales 0-0: Called Strike
0-1: Ball
1-1: TRIPLE (Flyball, 9LD, EV 95.0 MPH)
Batting: LHB John Dietrich 0-0: Ball
Wild Pitch!
Willie Gonzales scores
1-0: Ball
2-0: Ball
3-0: Called Strike
3-1: Base on Balls
Batting: RHB Reynaldo Herrera 0-0: Called Strike
0-1: Ball
1-1: Called Strike
1-2: Foul Ball, location: 2F
1-2: Foul Ball, location: 2F
1-2: Foul Ball, location: 2F
1-2: Fly out, F9 (Flyball, 9LM, EV 88.1 MPH)
Batting: RHB Gashie Chimsima 0-0: Called Strike
0-1: Foul Ball, location: 2F
0-2: DOUBLE (Line Drive, 78D, EV 110.0 MPH)
John Dietrich to third
Batting: LHB Corey Trevor 0-0: Foul Ball, location: 2F
0-1: Ball
1-1: Ball
2-1: Ball
3-1: Called Strike
3-2: Ground out U3 (Groundball, 34S, EV 86.9 MPH)
John Dietrich scores
Gashie Chimsima to third
Batting: LHB Tim Fuller 0-0: Called Strike
0-1: Ball
1-1: Foul Ball, location: 2F
1-2: Ball
2-2: Ball
3-2: Foul Ball, location: 2F
3-2: Fly out, F8 (Flyball, 8RM, EV 83.8 MPH)
Bottom of the 6th over - 2 runs, 2 hits, 0 errors, 1 left on base; Montgomery 8 - Akron 3
TOP OF THE 7TH
Montgomery Biscuits batting - Pitching for Akron RubberDucks : RHP Rainer Von Croy
Batting: RHB Paul Landes 0-0: Foul Ball, location: 2F
0-1: Ball
1-1: Called Strike
1-2: Ball
2-2: SOLO HOME RUN (Flyball, 78XD, EV 103.1 MPH), Distance : 382 ft
Batting: LHB Jimmy Detrie 0-0: Foul Ball, location: 2F
0-1: Ball
1-1: Ball
2-1: Called Strike
2-2: Foul Ball, location: 2F
2-2: Foul Ball, location: 2F
2-2: Ground out 1-3 (Groundball, 23, EV 68.1 MPH)
Batting: RHB Dan Marks 0-0: Ball
1-0: Called Strike
1-1: Hit by Pitch
Pitching: RHP Tatsuhito Shiota
Batting: RHB Devin Brown 0-0: Called Strike
0-1: Fly out, F8 (Line Drive, 8RD, EV 93.8 MPH)
Batting: RHB Jose Herrera 0-0: Ball
1-0: Called Strike
1-1: Ball
2-1: Ball
3-1: Base on Balls
Dan Marks to second
Batting: RHB Dermott Kennelly 0-0: Foul Ball, location: 2F
0-1: SINGLE (Groundball, 6MD, EV 98.1 MPH)
Dan Marks to third
Jose Herrera to second
Runner from 3rd tries for Home, SAFE, throw by CF to home
Batting: LHB Jake Rheaume 0-0: Foul Ball, location: 2F
0-1: Ball
1-1: Ball
2-1: Ball
3-1: Called Strike
3-2: TRIPLE (Flyball, 9LD, EV 99.4 MPH)
Jose Herrera scores
Dermott Kennelly scores
Batting: SHB Brett McEwen 0-0: Swinging Strike
0-1: Foul Ball, location: 2F
0-2: Foul Ball, location: 2F
0-2: Ball
1-2: Foul Ball, location: 2F
1-2: Ball
2-2: Fly out, F8 (Flyball, 8RD, EV 100.6 MPH)
Top of the 7th over - 4 runs, 3 hits, 0 errors, 1 left on base; Montgomery 12 - Akron 3
BOTTOM OF THE 7TH
Akron RubberDucks batting - Pitching for Montgomery Biscuits : RHP Kyle Thomas
Pitching: LHP Chris Polite
Pinch Hitting: LHB Danny Moreno 0-0: Ground out U3 (Groundball, 3, EV 90.6 MPH)
Batting: RHB Adrian Martinelli 0-0: Foul Ball, location: 2F
0-1: Ball
1-1: Fly out, F9 (Flyball, 9, EV 77.5 MPH)
Pinch Hitting: LHB Tom Bemis 0-0: Called Strike
0-1: Swinging Strike
0-2: Ball
1-2: Strikes out looking
Bottom of the 7th over - 0 runs, 0 hits, 0 errors, 0 left on base; Montgomery 12 - Akron 3
TOP OF THE 8TH
Montgomery Biscuits batting - Pitching for Akron RubberDucks : RHP Tatsuhito Shiota
Now in LF: Andy Lewis
Now in RF: Danny Moreno
Batting: LHB Mario Ocana 0-0: Ground out 4-3 (Groundball, 34, EV 87.5 MPH)
Pinch Hitting: RHB Mick Corrigan 0-0: Ball
1-0: Ball
2-0: Foul Ball, location: 2F
2-1: Called Strike
2-2: Strikes out swinging
Batting: LHB Jimmy Detrie 0-0: Called Strike
0-1: SINGLE (Groundball, 4MD, EV 99.4 MPH)
Batting: RHB Dan Marks 0-0: Foul Ball, location: 2F
0-1: Ball
1-1: Swinging Strike
1-2: Ball
2-2: Strikes out looking
Top of the 8th over - 0 runs, 1 hit, 0 errors, 1 left on base; Montgomery 12 - Akron 3
BOTTOM OF THE 8TH
Akron RubberDucks batting - Pitching for Montgomery Biscuits : LHP Chris Polite
Now at 1B: Ben Pierce
Batting: RHB Willie Gonzales 0-0: Foul Ball, location: 2F
0-1: Ball
1-1: Ball
2-1: Fly out, F8 (Line Drive, 8RM, EV 92.5 MPH)
Batting: LHB John Dietrich 0-0: Called Strike
0-1: Ground out 3-1 (Groundball, 3D, EV 86.2 MPH)
Batting: RHB Reynaldo Herrera 0-0: Ball
1-0: Foul Ball, location: 2F
1-1: Ball
2-1: Swinging Strike
2-2: Foul Ball, location: 2F
2-2: Foul Ball, location: 2F
2-2: Foul Ball, location: 2F
2-2: Strikes out swinging
Bottom of the 8th over - 0 runs, 0 hits, 0 errors, 0 left on base; Montgomery 12 - Akron 3
TOP OF THE 9TH
Montgomery Biscuits batting - Pitching for Akron RubberDucks : RHP Tatsuhito Shiota
Pitching: LHP Aaron Manees
Batting: RHB Devin Brown 0-0: Called Strike
0-1: Ball
1-1: Ball
2-1: Called Strike
2-2: Ball
3-2: Foul Ball, location: 2F
3-2: Foul Ball, location: 2F
3-2: Foul Ball, location: 2F
3-2: Ground out 4-3 (Groundball, 4, EV 98.8 MPH)
Batting: RHB Jose Herrera 0-0: Ball
1-0: Ball
2-0: Called Strike
2-1: Foul Ball, location: 2F
2-2: TRIPLE (Flyball, 89XD, EV 97.5 MPH)
Batting: RHB Dermott Kennelly 0-0: Ground out 5-3 (Groundball, 56, EV 89.4 MPH)
Jose Herrera scores
Batting: LHB Jake Rheaume 0-0: Called Strike
0-1: Swinging Strike
0-2: Strikes out looking
Top of the 9th over - 1 run, 1 hit, 0 errors, 0 left on base; Montgomery 13 - Akron 3
BOTTOM OF THE 9TH
Akron RubberDucks batting - Pitching for Montgomery Biscuits : LHP Chris Polite
Batting: RHB Gashie Chimsima 0-0: Ground out 4-3 (Groundball, 4, EV 86.2 MPH)
Batting: LHB Corey Trevor 0-0: Foul Ball, location: 2F
0-1: Fly out, F7 (Flyball, 7LS, EV 86.2 MPH)
Pinch Hitting: RHB Hieronim Rutkowski 0-0: Called Strike
0-1: Ball
1-1: Called Strike
1-2: DOUBLE (Flyball, 8LXD, EV 101.2 MPH)
Batting: LHB Danny Moreno 0-0: Fly out, F6 (Popup, 4M, EV 63.1 MPH)
Bottom of the 9th over - 0 runs, 1 hit, 0 errors, 1 left on base; Montgomery 13 - Akron 3
Wednesday, June 22nd , 2022 - OOTP Baseball 23.4 Build 64